 Dungeon Crawl Stone Soup version 0.29-a0-22-gbf593b16ee (webtiles) character file.

Game seed: 673044659725048605

5469 HallandMoats the Fighter (level 10, -1/83 HPs)
             Began as a Ghoul Monk on Jan 29, 2022.
             Was an Elder of Hepliaklqana.
             Slain by a black mamba (5 damage)
             ... on level 1 of the Lair of Beasts.
             The game lasted 00:17:38 (9738 turns).

HallandMoats the Fighter (Ghoul Monk)               Turns: 9738, Time: 00:17:39

Health: -1/83      AC: 15    Str: 20      XL:     10   Next: 69%
Magic:  12/12      EV: 10    Int:  4 (5)  God:    Hepliaklqana [****..]
Gold:   354        SH:  0    Dex: 16 (17) Spells: 9/9 levels left

rFire   + . .      SeeInvis .     - Unarmed
rCold   . . .      Faith    .   (no shield)
rNeg    + + +      Spirit   .   B - +2 chain mail {Will+}
rPois   ∞          Reflect  .   A - +0 helmet
rElec   .          Harm     .   i - +0 cloak
rCorr   .          Rampage  .   (no gloves)
Will    +....                   j - +0 pair of boots
Stlth   ..........              (no amulet)
HPRegen 0.00/turn               F - ring of fire
MPRegen 0.13/turn               n - +6 ring of dexterity

@: inhibited regen, studying Transmutations
A: reduced essence, claws 1, cold resistance 1, negative energy resistance 3,
inhibited regeneration, torment resistance 2
a: Renounce Religion, Recall Ancestor, Ancestor Identity, Transference, Idealise


You were on level 1 of the Lair of Beasts.
You worshipped Hepliaklqana.
Hepliaklqana was greatly pleased with you.
You visited 2 branches of the dungeon, and saw 9 of its levels.

You collected 354 gold pieces.

Inventory:

Hand Weapons
 J - a +1 scimitar of flaming
Missiles
 u - 2 throwing nets (quivered)
Armour
 i - a +0 cloak (worn)
 j - a +0 pair of boots (worn)
 A - a +0 helmet (worn)
 B - a +2 chain mail of willpower (worn)
Jewellery
 a - a +6 ring of dexterity
 d - a ring of flight
 n - a +6 ring of dexterity (right claw)
 q - a ring of resist corrosion
 E - a +4 ring of evasion
 F - a ring of fire (left claw)
 G - a +4 ring of evasion
Wands
 b - a wand of acid (12)
 k - a wand of iceblast (9)
 l - a wand of flame (48)
 s - a wand of mindburst (9)
 z - a wand of digging (6)
Scrolls
 o - a scroll of teleportation
 v - 2 scrolls of enchant weapon
 C - a scroll of amnesia
Potions
 c - a potion of lignification
 e - a potion of mutation
 f - 2 potions of curing
 h - a potion of might {unknown}
 m - a potion of haste {unknown}
 p - a potion of attraction {unknown}
 w - a potion of brilliance {unknown}
 x - 3 potions of degeneration {unknown}
 D - a potion of magic {unknown}


   Skills:
 * Level 10.0 Fighting
 + Level 5.3 Armour
 + Level 6.2 Dodging
 - Level 2.1 Stealth
 * Level 9.9 Unarmed Combat
 + Level 5.2 Invocations


You had 9 spell levels left.
You didn't know any spells.
Your spell library contained the following spells:

 Spells                   Type           Power      Damage    Failure   Level
 Static Discharge         Conj/Air       0%         N/A       100%        2
 Ozocubu's Armour         Ice            0%         N/A       100%        3
 Summon Guardian Golem    Hex/Summ       0%         N/A       100%        3
 Dispel Undead            Necr           0%         3d6       100%        4
 Passage of Golubria      Tloc           0%         N/A       100%        4
 Petrify                  Tmut/Erth      0%         N/A       100%        4
 Sticky Flame             Conj/Fire      0%         2d3       100%        4
 Irradiate                Conj/Tmut      0%         3d13      100%        5
 Metabolic Englaciation   Hex/Ice        0%         N/A       100%        5
 Silence                  Hex/Air        0%         N/A       100%        5
 Simulacrum               Ice/Necr       0%         N/A       100%        6
 Orb of Destruction       Conj           0%         9d5       100%        7
 Ozocubu's Refrigeration  Ice            0%         4d5       100%        7
 Spellforged Servitor     Conj/Summ      0%         N/A       100%        7
 Lehudib's Crystal Spear  Conj/Erth      0%         10d2      100%        8
 Sublimation of Blood     Necr           Unusable   N/A       N/A         2

Dungeon Overview and Level Annotations

Branches:
Dungeon (8/15)             Temple (0/1) D:7            Lair (1/6) D:8

Altars:
Cheibriados
Dithmenos
Gozag
Hepliaklqana
Uskayaw
Xom


Innate Abilities, Weirdness & Mutations

Your life essence is reduced to manifest your ancestor. (-10% HP)
You thrive by killing the living.
You are immune to poison.
You have sharp fingernails.
Your flesh is cold resistant. (rC+)
You are immune to negative energy. (rN+++)
You do not regenerate when monsters are visible.
You are immune to unholy pain and torment.


Message History

The blink frog is almost dead.
The blink frog hits you but does no damage.
The blink frog hits you!
The blink frog blinks!
The black mamba bites you.
Your surroundings suddenly seem different.
A black mamba comes into view.
Found 18 gold pieces and 36 arrows.
The black mamba hisses angrily.
The black mamba bites you!
* * * LOW HITPOINT WARNING * * *
You hear the slow rumble of a very distant avalanche of rocks.
It was a potion of lignification.
You feel woody for a moment.
The black mamba bites you but does no damage.
The black mamba bites you.
* * * LOW HITPOINT WARNING * * *
It was a potion of mutation.
You feel extremely strange.
Your body decomposes!
You feel clumsy.
Your body decomposes!
You feel dopey.
The black mamba bites you but does no damage.
The black mamba bites you.
* * * LOW HITPOINT WARNING * * *
Unknown command.
You feel better. The black mamba closely misses you.
The black mamba bites you but does no damage.
You feel better. The black mamba bites you!
* * * LOW HITPOINT WARNING * * *
You claw the black mamba!
The black mamba is moderately wounded.
The black mamba barely misses you.
The black mamba bites you but does no damage.
You scratch the black mamba.
The black mamba is heavily wounded.
The black mamba bites you!
* * * LOW HITPOINT WARNING * * *
You barely miss the black mamba.
The black mamba is heavily wounded.
The black mamba bites you.
You die...

# # ...########
...
#.........###..#
#...S@..#
#....$....#
..........P.....
#.###.....PP.###
#. #.$.####.# #
#..## .# ...# .
.(... .


You could see a black mamba.

Vanquished Creatures
  A two-headed ogre (D:8)
  A cane toad (Lair:1)
  An efreet (D:8)
  Maggie (D:6)
  A troll (D:8)
  A hornet (D:8)
  A wyvern (D:8)
  Menkaure (D:6)
  A water moccasin (D:7)
  An ice beast (D:6)
  A hornet zombie (D:8)
  2 ogres
  2 wolves
  A phantom (D:4)
  Blork the orc (D:6)
  3 kobold brigands
  3 bullfrogs
  3 scorpions
  A wyvern zombie (D:8)
  A wyvern skeleton (D:6)
  4 wights (D:7)
  A jelly (D:4)
  6 hounds
  A gnoll shaman (D:3)
  An orc priest (D:6)
  Ijyb (D:3)
  3 iguanas
  A scorpion zombie (D:5)
  A bullfrog skeleton (D:5)
  Natasha (twice) (D:3)
  A hound skeleton (D:5)
  2 howler monkey zombies
  11 gnolls
  4 adders
  5 shadow imps
  3 white imps
  3 ufetubi
  A worm (D:3)
  A dart slug (D:3)
  8 orcs
  4 bats
  10 endoplasms
  4 goblins
  A hobgoblin (D:3)
  A jackal (D:3)
  10 kobolds
  A quokka (D:5)
  10 ball pythons
  2 frilled lizards (D:1)
  7 rats
138 creatures vanquished.

Vanquished Creatures (collateral kills)
  Grinder (D:3)
  A steam dragon (D:8)
  The ghost of Clumpoid the Shield-Bearer, an amateur GnFi (D:3)
  A bullfrog (D:8)
  A wight (D:7)
  3 electric eels (D:8)
  2 hounds (D:8)
  Natasha (D:3)
  An iguana (D:6)
  4 orc wizards
  2 gnolls
  6 adders
  A white imp (D:6)
  6 orcs
  3 endoplasms
  2 hobgoblins (D:4)
  A jackal (D:3)
  3 kobolds
40 creatures vanquished.

Vanquished Creatures (others)
  A raiju (shapeshifter) (D:8)
  An electric eel (D:8)
  A gnoll (D:3)
  6 hexers
  A kobold (D:8)
  6 fungi
  10 plants
26 creatures vanquished.

Grand Total: 204 creatures vanquished

Notes
Turn   | Place    | Note
-------+----------+-------------------------------------------
     0 | D:1      | HallandMoats the Ghoul Monk began the quest for the Orb.
     0 | D:1      | Reached XP level 1. HP: 19/19 MP: 0/0
   154 | D:1      | Found a faded altar of an unknown god.
   169 | D:1      | Prayed at the altar of an unknown god.
   169 | D:1      | Became a worshipper of Hepliaklqana the Forgotten
   169 | D:1      | Reached * piety under Hepliaklqana
   169 | D:1      | Reached ** piety under Hepliaklqana
   170 | D:1      | Remembered your ancestor Hector as a hexer
   327 | D:1      | Reached XP level 2. HP: 20/23 MP: 1/1
   453 | D:1      | Reached *** piety under Hepliaklqana
   912 | D:2      | Reached XP level 3. HP: 9/29 MP: 2/2
  1363 | D:2      | Reached skill level 4 in Fighting
  1368 | D:2      | Reached skill level 1 in Armour
  1368 | D:2      | Reached XP level 4. HP: 21/36 MP: 3/3
  2027 | D:3      | Reached XP level 5. HP: 36/42 MP: 4/4
  2193 | D:3      | Noticed Ijyb
  2198 | D:3      | Noticed Natasha
  2209 | D:3      | Killed Natasha
  2216 | D:3      | Killed Ijyb
  2326 | D:3      | Found a transporter.
  2339 | D:3      | Noticed Natasha
  2355 | D:3      | Killed Natasha
  2475 | D:3      | Noticed Grinder
  2488 | D:3      | Killed Grinder
  2489 | D:3      | Reached skill level 5 in Fighting
  2489 | D:3      | Reached skill level 5 in Unarmed Combat
  2489 | D:3      | Reached XP level 6. HP: 46/50 MP: 5/5
  2570 | D:3      | Found a transporter.
  2575 | D:3      | Noticed Clumpoid's ghost (amateur GnFi)
  2575 | D:3      | Noticed Natasha
  2582 | D:3      | Killed Natasha
  2600 | D:3      | Identified the +4 spear "Tail" {pain, Dex+4}
  2681 | D:3      | Reached XP level 7. HP: 54/54 MP: 6/6
  2725 | D:3      | Reached **** piety under Hepliaklqana
  3415 | D:4      | Reached skill level 6 in Fighting
  3927 | D:4      | Reached skill level 1 in Invocations
  3927 | D:4      | Reached XP level 8. HP: 31/63 MP: 7/7
  4419 | D:5      | Entered Level 5 of the Dungeon
  4419 | D:5      | Found a snail-covered altar of Cheibriados.
  4594 | D:5      | Found a hide-covered altar of Uskayaw.
  4594 | D:5      | Found an opulent altar of Gozag.
  5251 | D:5      | Reached skill level 7 in Fighting
  5712 | D:3      | Killed Clumpoid's ghost
  5840 | D:6      | Noticed Blork the orc
  5848 | D:6      | Killed Blork the orc
  6077 | D:6      | Found a shadowy altar of Dithmenos.
  6246 | D:6      | Noticed Menkaure
  6256 | D:6      | Killed Menkaure
  6257 | D:6      | Reached XP level 9. HP: 72/72 MP: 8/10
  6281 | D:6      | Noticed Maggie
  6294 | D:6      | Killed Maggie
  6295 | D:6      | Reached skill level 8 in Fighting
  6295 | D:6      | Reached skill level 5 in Dodging
  6589 | D:6      | Found a hazy altar of Hepliaklqana.
  7076 | D:7      | Found a staircase to the Ecumenical Temple.
  7856 | D:8      | Found a shimmering altar of Xom.
  7857 | D:8      | Noticed a hornet
  7867 | D:8      | Killed a hornet
  7976 | D:8      | Reached ***** piety under Hepliaklqana
  7991 | D:8      | Reached skill level 9 in Fighting
  7999 | D:8      | Noticed a troll
  8011 | D:8      | Killed a troll
  8012 | D:8      | Reached XP level 10. HP: 66/81 MP: 12/12
  8687 | D:8      | Found a staircase to the Lair.
  8767 | D:8      | Noticed a two-headed ogre
  8774 | D:8      | Killed a two-headed ogre
  8775 | D:8      | Reached skill level 5 in Armour
  9091 | D:8      | Reached skill level 5 in Invocations
  9561 | D:8      | Noticed a boulder beetle
  9580 | Lair:1   | Entered Level 1 of the Lair of Beasts
  9642 | Lair:1   | Noticed a cane toad
  9652 | Lair:1   | Killed a cane toad
  9653 | Lair:1   | Reached skill level 10 in Fighting
  9720 | Lair:1   | Noticed a black mamba
  9728 | Lair:1   | Noticed a black mamba
  9737 | Lair:1   | HP: 4/83 [black mamba (10)]
  9738 | Lair:1   | Slain by a black mamba

Illustrated notes

Levels and vault maps discovered:
D:1:      zelgadis_glass_arrival_small, layout_basic,
          dreamdust_ecumenical_altar_grove
D:2:      layout_loops_ring, nrook_uturn
D:3:      minmay_diamond_boxcup, layout_rooms, gammafunk_ghost_gnarly_gnolls,
          serial_rivers, chequers_serial_rivers_micro_e,
          chequers_serial_rivers_micro_d, chequers_serial_rivers_large_a,
          chequers_serial_rivers_micro_c, chequers_serial_rivers_micro_e,
          minmay_curled_crystal, uniq_natasha, uniq_ijyb, uniq_grinder
D:4:      cheibrodos_thug_alley, layout_basic, serial_curves, eino_curves_04,
          eino_curves_03
D:5:      layout_gridville, old_standard_altar, gammafunk_temple_overflow_pools,
          hangedman_abyss_or_decor_slice
D:6:      layout_cave_pods, mainiacjoe_overflow_paths,
          mainiacjoe_overflow_cross_hatched, minivault_25, uniq_maggie,
          uniq_blork_the_orc, uniq_menkaure
D:7:      layout_loops_ring, temple_fountains, serial_rivers,
          chequers_serial_rivers_micro_e, chequers_serial_rivers_micro_d,
          chequers_serial_rivers_micro_b, chequers_serial_rivers_large_b,
          chequers_serial_rivers_room_b, corexii_hall_statues_l
D:8:      layout_loops_ring, kennysheep_mini_moat, amcnicky_altar_gilded,
          erik_lair_island, minmay_manual_mandibuliform
Lair:1:   layout_loops_ring, lightli_volcano_entry_magma_tube,
          grunt_megastairs_3, infiniplex_staircase_pool_2

Skill      XL: |  1  2  3  4  5  6  7  8  9 10 |
---------------+-------------------------------+-----
Fighting       | 4 5 6 7 9 10 | 10.0
Dodging        | 3 4 5 6 |  6.2
Unarmed Combat | 4 5 6 7 9 |  9.9
Armour         | 1 2 3 4 5 |  5.3
Invocations    | 1 2 4 5 |  5.2
Stealth        | |  2.1

Action                   |  1- 3 |  4- 6 |  7- 9 | 10-12 || total
-------------------------+-------+-------+-------+-------++-------
Melee: Unarmed           |    68 |    80 |   289 |    79 ||   516
       Punch             |       |     3 |    18 |     3 ||    24
Invok: Ancestor Life: He |     1 |       |       |       ||     1
       Ancestor Identity |     1 |       |       |       ||     1
Evoke: Wand              |       |       |       |     1 ||     1
  Use: Scroll            |       |       |     6 |     7 ||    13
       Potion            |       |       |       |     7 ||     7
 Stab: Sleeping          |     4 |     2 |     7 |       ||    13
       Distracted        |     1 |     2 |     2 |       ||     5
       Confused          |       |     1 |     5 |       ||     6
Armor: Robe              |     3 |       |       |       ||     3
       Leather armour    |     8 |    25 |    40 |       ||    73
       Chain mail        |       |       |    22 |    29 ||    51
       Steam dragon scal |       |       |    10 |       ||    10
Dodge: Dodged            |    28 |    31 |   145 |    69 ||   273

Table legend: (Time is in decaauts)
 A = Elapsed time spent in this place.
 B = Non-inter-level travel time spent in this place.
 C = Inter-level travel time spent in this place.
 D = Time resting spent in this place.
 E = Time spent auto-exploring this place.
 F = Levels seen in this place.
 G = Mean time per level.
                   A        B        C        D        E       F      G
               +--------+--------+--------+--------+--------+-----+--------+
         Total |   9690 |   9171 |    519 |   1223 |   6223 |   9 | 1076.7 |
       Dungeon |   9532 |   9013 |    519 |   1118 |   6223 |   8 | 1191.5 |
          Lair |    157 |    157 |      0 |    105 |      0 |   1 |  157.0 |
               +--------+--------+--------+--------+--------+-----+--------+

Top non-repeatable levels by time:
     D:4: 1637 daAuts
     D:7: 1586 daAuts
     D:3: 1303 daAuts
     D:2: 1169 daAuts
     D:6: 1073 daAuts
     D:8: 1052 daAuts
     D:5: 906 daAuts
     D:1: 803 daAuts
  Lair:1: 157 daAuts
